[Event "Allsvenskan 24-25"]
[Site "Linköping, Sweden"]
[Date "2025.03.15"]
[Round "9.1"]
[White "Lind, Jan-Olov"]
[Black "Jakobsson, Per-Ove"]
[Result "1/2-1/2"]
[TimeControl "90 min/40 moves + 30 min + 30 sec from move 1"]
[WhiteElo "2111"]
[BlackElo "1857"]

1. e4 c5 2. Nf3 d6 3. d4 cxd4 4. Nxd4 Nf6 5. Nc3 a6 6. Bc4 e6 7. Be3 Nc6 8. Bb3 Qc7 9. Qe2 b5 10.
O-O-O Be7 11. f3 Na5 12. g4 Nxb3+ 13. axb3 Bb7 14. g5 Nd7 15. h4 g6 16. Qd2 b4 17. Na4 d5 18. exd5 Bxd5 19. Kb1 Nc5 20. Nxc5 Bxc5 21. Bf4 Bd6 22. Bxd6 Qxd6 23.
h5 Ke7 24. f4 a5 25. hxg6 hxg6 26. Rxh8 Rxh8 27. Nf3 Qc7 28. Qd4 Rh3 29. Qf6+ Kf8 30. Ne5 Rh2 31. Rc1 Be4 32. Ka2 a4 33.
bxa4 Qa7 34. Qd8+ Kg7 35. Qf6+ Kg8 36. Qd8+ Kg7 37. Qf6+ Kg8 38. Qd8+ Kg7 39. Qf6+ 1/2-1/2

[Event "Allsvenskan 24-25"]
[Site "Linköping, Sweden"]
[Date "2025.03.15"]
[Round "9.2"]
[White "Qwarfort, Fredrik"]
[Black "Jonsson, Magnus"]
[Result "1-0"]
[TimeControl "90 min/40 moves + 30 min + 30 sec from move 1"]
[WhiteElo "1830"]
[BlackElo "1999"]

1. d4 Nf6 2. c4 e6 3. Nf3 b6 4. g3 Bb7 5. Bg2 Bb4+ 6. Bd2 Be7 7. Nc3 O-O 8. O-O c5 9. a3 d5 10.
cxd5 exd5 11. Qc2 Nc6 12. e3 c4 13. Ne5 Re8 14. f4 Na5 15. Rad1 Nb3 16. Nxc4 dxc4 17. Bxb7 Rb8 18. Bc6 Rf8 19.
Ne4 Nxd2 20. Nxf6+ Bxf6 21. Rxd2 b5 22. Kg2 Qb6 23. Bf3 a5 24. Rfd1 Rfd8 25. Re2 Rbc8 26. Rc1 g6 27. Qd1 b4 28.
axb4 axb4 29. Rec2 Qa6 30. Qe2 Re8 31. Rxc4 Rxc4 32. Qxc4 Qxc4 33. Rxc4 Rxe3 34. Rxb4 Rd3 35. Be2 Rxd4 36.
Rxd4 Bxd4 37. b4 f5 38. h3 Kg7 39. g4 fxg4 40. hxg4 h6 41. Kf3 Kf6 42. Ke4 Bb6 43. b5 Bc7 44.
Bd3 Bb6 45. f5 h5 46. fxg6 Kxg6 47. Kf4+ Kf6 48. g5+ Kg7 49. Be2 Kg6 50. Bd3+ Kg7 51. Kf5 Bf2 52. Be2 h4 53. Bg4 Kf7 54.
g6+ Kg7 55. Kg5 Bd4 56. Bf5 Bf6+ 57. Kg4 Bd8 58. Kh5 Kh8 59. Kh6 Bf6 60. b6 Bg7+ 61. Kg5 Be5 62. Kxh4 Kg7 63. Kg5 Bb8 64.
Be4 Bh2 65. Kf5 Bg3 66. Ke6 Bf4 67. Kd7 1-0

[Event "Allsvenskan 24-25"]
[Site "Linköping, Sweden"]
[Date "2025.03.15"]
[Round "9.3"]
[White "Larsson, Fredrik"]
[Black "Ahlström, Per"]
[Result "1-0"]
[TimeControl "90 min/40 moves + 30 min + 30 sec from move 1"]
[WhiteElo "1995"]
[BlackElo "1829"]

1. d4 Nf6 2. c4 g6 3. Nc3 Bg7 4. e4 d6 5. Be2 O-O 6. Nf3 e5 7. O-O Nc6 8. d5 Ne7 9. Ne1 Ne8 10.
Nd3 f5 11. Bd2 c6 12. Qb3 Kh8 13. Rfd1 Nf6 14. f3 f4 15. Be1 c5 16. Qc2 g5 17. Nf2 Ng6 18. a3 h5 19. h3 Nh4 20.
b4 b6 21. bxc5 bxc5 22. Qa4 Bd7 23. Qa6 Qb6 24. Qxb6 axb6 25. Rdb1 Ra6 26. Nb5 Bxb5 27. Rxb5 Nd7 28. a4 Ng6 29.
Nd1 Ne7 30. Nc3 Rfa8 31. Rb2 Nc8 32. Bd1 Bf8 33. Nb5 Rb8 34. h4 Be7 35. Kh2 Kg7 36. Kh3 Kg6 37. Raa2 Bd8 38. Re2 Rb7 39.
Rf2 Nf8 40. Rf1 Nh7 41. g3 Rf7 42. Rg2 Ra8 43. Bd2 Rb8 44. Bc2 Rbb7 45. gxf4 exf4 46. e5+ Kh6 47. e6 Rf8 48. Bc3 Be7 49.
Rfg1 Na7 50. Bxh7 Kxh7 51. hxg5 Kg6 52. Bf6 Nxb5 53. axb5 Ra8 54. Bxe7 Rxe7 55. Re2 Ra3 56. Kg2 Rc3 57. Re4 Kxg5 58. Kf2+ Kf5 59. Rg8 Rc2+ 60.
Kf1 Ra2 61. Rf8+ Kg6 62. Rexf4 Raa7 63. Rg8+ Kh7 64. Rg5 Kh6 65. Rff5 h4 66. Rh5+ Kg6 67. Rhg5+ Kh6 68. f4 Rg7 69. Rh5+ Kg6 70. Rfg5+ Kf6 71.
Rh6+ 1-0

[Event "Allsvenskan 24-25"]
[Site "Linköping, Sweden"]
[Date "2025.03.15"]
[Round "9.4"]
[White "Lilljebjorn, Erik Gustaf"]
[Black "Bjornvall, Tord"]
[Result "0-1"]
[TimeControl "90 min/40 moves + 30 min + 30 sec from move 1"]
[WhiteElo "1805"]
[BlackElo "1959"]

1. e4 e5 2. Nf3 Nc6 3. Nc3 Nf6 4. d4 exd4 5. Nxd4 Bb4 6. Nxc6 bxc6 7. Bd3 O-O 8. O-O d5 9. exd5 Nxd5 10.
Ne4 f5 11. Ng5 h6 12. Nf3 Qf6 13. Rb1 Bd6 14. Bc4 Kh8 15. Bxd5 cxd5 16. Qxd5 Be6 17. Qa5 f4 18. b3 Qg6 19.
Nh4 Qg4 20. Nf3 Rf5 21. Qc3 Bd5 22. h3 Qh5 23. Bb2 Rf6 24. Qd3 Rg6 25. Nh4 Rg5 26. g3 0-1

[Event "Allsvenskan 24-25"]
[Site "Linköping, Sweden"]
[Date "2025.03.15"]
[Round "9.5"]
[White "Andersson, Görgen"]
[Black "Ivarsson, Simon"]
[Result "1/2-1/2"]
[TimeControl "90 min/40 moves + 30 min + 30 sec from move 1"]
[WhiteElo "1934"]
[BlackElo "1777"]

1. d4 Nf6 2. Bg5 Ne4 3. h4 h6 4. Bf4 e6 5. Nd2 d5 6. f3 Bd6 7. e3 Nf6 8. Qe2 Nc6 9. Bxd6 Qxd6 10.
f4 Bd7 11. O-O-O a6 12. Ngf3 Nb4 13. Kb1 Bb5 14. c4 dxc4 15. Nxc4 Qe7 16. Qe1 Nbd5 17. Bd3 Ng4 18. Nfd2 Ngxe3 19. Nxe3 Bxd3+ 20. Ka1 Nxe3 21. Qxe3 Bh7 22. Rc1 O-O 23. g4 Rfe8 24. g5 h5 25. Qf3 Bg6 26. Nc4 c6 27. Ne5 Rad8 28.
Rhd1 Rd5 1/2-1/2

[Event "Allsvenskan 24-25"]
[Site "Linköping, Sweden"]
[Date "2025.03.15"]
[Round "9.6"]
[White "Martinelle, Christoffer"]
[Black "Holfve, Hakan"]
[Result "1-0"]
[TimeControl "90 min/40 moves + 30 min + 30 sec from move 1"]
[WhiteElo "1732"]
[BlackElo "1920"]

1. c4 b6 2. Nf3 Bb7 3. g3 c5 4. Bg2 Nf6 5. O-O d6 6. Nc3 Nbd7 7. d3 g6 8. Bd2 Bg7 9. Qc1 a6 10.
Bh6 O-O 11. Bxg7 Kxg7 12. a3 Qc7 13. Qd2 Rac8 14. Rfc1 Qb8 15. Rab1 Qa8 16. b4 Ne5 17. Ne1 Bxg2 18. Nxg2 h5 19. h4 Neg4 20. bxc5 bxc5 21.
Ne3 Rb8 22. Ncd5 Nxe3 23. Nxe3 Qc6 24. Rb2 Qd7 25. Kg2 e5 26. Rcb1 Rxb2 27. Qxb2 Ng4 28. Qd2 Nxe3+ 29. Qxe3 f5 30.
Qf3 Rf7 31. Rb8 f4 32. Qa8 fxg3 33. Rg8+ Kf6 34. Qf3+ Qf5 35. Qxf5+ Kxf5 36. Kxg3 Rb7 37. Ra8 Rb6 38. Kf3 Ke6 39.
Rg8 Kf5 40. Ra8 Kf6 41. a4 Ke6 42. a5 Rc6 43. Ke4 Rc7 44. Rxa6 Rf7 45. Ra8 Rxf2 46. Ke3 Rf1 47. a6 Ra1 48.
a7 Kd5 49. Ke4+ 1-0